 Dungeon Crawl Stone Soup version bcrawl-1.39.1 (webtiles) character file.

Game seed: 12632521494241137327

140076 Lazarus1551 the Magician (level 4, -3/33 HPs)
             Began as an Oni Air Elementalist on Sept 30, 2023.
             Slain by a gnoll
             ... wielding a +0 halberd
              (11 damage)
             ... on level 3 of the Dungeon.
             The game lasted 00:07:31 (1591 turns).

Lazarus1551 the Magician (Oni Air Elementalist)     Turns: 1591, Time: 00:07:31

Health: -3/33      AC:  2    Str: 11    XL:     4   Next: 42%
Magic:  6/11       EV: 12    Int: 18    God:
Gold:   214        SH:  0    Dex: 11    Spells: 3/10 levels left

rFire    . . .     GDR:     23%   - Claws (5.1)
rCold    . . .     SeeInvis +   (no shield)
rNeg     . . .     Gourm    .   a - +0 animal skin
rPois    .         Faith    .   (helmet restricted)
rElec    .         Spirit   .   (no cloak)
rCorr    .         Reflect  .   (no gloves)
MR       .....                  (no boots)
Stlth    ++........             (no amulet)
HPRegen  0.15/turn              p - ring of see invisible
MPRegen  0.12/turn              (no ring)

@: no status effects
A: oni magic, claws 1, fangs 1, horns 1
a: no special abilities


You were on level 3 of the Dungeon.
You were not hungry.

You visited 1 branch of the dungeon, and saw 3 of its levels.

You collected 214 gold pieces.

Inventory:

Hand Weapons
 g - a +0 spear
Missiles
 b - 468 stones (quivered)
 t - 96 arrows
 u - 77 poisoned needles
 w - 188 poisoned tomahawks
Armour
 a - a +0 animal skin (worn)
Jewellery
 p - a ring of see invisible (left claw)
Scrolls
 i - 3 scrolls of identify
 l - 2 scrolls of revelation {unknown}
 m - 2 scrolls of teleportation {unknown}
 o - a scroll of fear {unknown}
 q - 3 scrolls of remove curse {unknown}
 r - a scroll of immolation {unknown}
 s - 2 scrolls of enchant weapon {unknown}
 v - a scroll of amnesia {unknown}
Potions
 c - a potion of flight
 d - a potion of resistance
 f - 2 potions of mutation {unknown}
 h - a potion of heal wounds {unknown}
 k - 2 potions of curing {unknown}
 n - a potion of brilliance {unknown}
Comestibles
 e - 4 rations {!d}
 j - 5 chunks of flesh


   Skills:
 + Level 0.1 Fighting
 + Level 2.2 Dodging
 - Level 1.7 Stealth
 * Level 3.8 Spellcasting
   Level 3.8 Conjurations
   Level 3.8 Hexes
   Level 3.8 Charms
   Level 3.8 Summonings
   Level 3.8 Necromancy
   Level 3.8 Translocations
   Level 3.8 Transmutations
   Level 3.8 Fire Magic
   Level 3.8 Ice Magic
   Level 3.8 Air Magic
   Level 3.8 Earth Magic
   Level 3.8 Poison Magic


You had 3 spell levels left.
You knew the following spells:

 Your Spells              Type           Power        Failure   Level  Hunger
a - Static Discharge      Air            ###...       2%          1    None
b - Sticks to Snakes      Tmut           ###.....     3%          2    None
c - Shock                 Conj/Air       ###....      4%          2    None
d - Searing Ray           Conj           ###.....     3%          2    None

Your spell library contained the following spells:

 Spells                   Type           Power        Failure   Level  Hunger
 Swiftness                Chrm/Air       ###.....     4%          2    None
 Mephitic Cloud           Conj/Pois/Air  ###.....     11%         3    ###....
 Lightning Bolt           Conj/Air       ###.....     30%         4    #####..


Dungeon Overview and Level Annotations

Branches:
Dungeon (3/12)

Altars:

Annotations:
D:3 Natasha


Innate Abilities, Weirdness & Mutations

You learn spells by gaining experience, not through books or religion.
You only train spellcasting to practice magic.
You have sharp fingernails.
You have very sharp teeth.
You have a pair of small horns on your head.


Message History

Press: ? - help, Shift-Dir - straight line, f - gnoll
Aim: a gnoll, wielding a +0 halberd
Okay, then.
Casting: Shock (safe; 4% risk of failure)
Confirm with . or Enter, or press ? or * to list all spells.
Okay, then.
Things that are here:
a cursed +0 dagger; a +0 hunting sling; a goblin skeleton
Casting: Shock (safe; 4% risk of failure)
Confirm with . or Enter, or press ? or * to list all spells.
Aiming: Searing Ray (safe; 3% risk of failure)
Press: ? - help, Shift-Dir - straight line The searing ray hits the gnoll but does no damage. (Press . to maintain the ray.)
The gnoll hits you from afar with a +0 halberd!
* * * LOW HITPOINT WARNING * * *
The searing ray misses the gnoll.
The searing ray hits the jackal.
The jackal is almost dead.
The gnoll hits you from afar with a +0 halberd!
You die...

###..####
.......#
#...##.#
#...##.#
#...##.#
#...##.#####
##........<#
#.....#####
##@#### #.#
#g# # #h#
#.#l# #.#g#
..###.hS#
.......Z#
......(.#


You could see 2 gnolls, a leopard gecko, 2 jackals, a ball python and a hound
skeleton.

Vanquished Creatures
  An adder (D:3)
  3 oozes
  2 worms (D:2)
  4 leopard geckos
  An orc (D:2)
  A ball python (D:1)
  4 bats
  A giant cockroach (D:1)
  5 goblins
  7 hobgoblins
  4 kobolds
  2 quokkas
  3 frilled lizards (D:2)
  5 rats
43 creatures vanquished.

Vanquished Creatures (collateral kills)
  A worm (D:2)
1 creature vanquished.

Grand Total: 44 creatures vanquished

Notes
Turn   | Place    | Note
-------+----------+-------------------------------------------
     0 | D:1      | Lazarus1551 the Oni Air Elementalist began the quest for
                  | the Orb.
     0 | D:1      | Reached XP level 1. HP: 14/14 MP: 6/6
   311 | D:1      | Reached skill level 3 in Spellcasting
   317 | D:1      | Reached XP level 2. HP: 20/20 MP: 8/8
   576 | D:1      | Reached XP level 3. HP: 26/26 MP: 9/9
   870 | D:2      | Learned a level 2 spell: Sticks to Snakes
   873 | D:2      | Learned a level 2 spell: Shock
  1228 | D:2      | Reached XP level 4. HP: 33/33 MP: 8/11
  1252 | D:2      | Learned a level 2 spell: Searing Ray
  1487 | D:3      | Noticed Natasha
  1489 | D:3      | Noticed a hungry ghost
  1591 | D:3      | Slain by a gnoll

Skill      XL: |  1  2  3 |
---------------+----------+-----
Spellcasting   | 3 |  3.8
Dodging        | 2 |  2.2
Fighting       | |  0.1
Stealth        | |  1.7
Conjurations   | |  3.8
Hexes          | |  3.8
Charms         | |  3.8
Summonings     | |  3.8
Necromancy     | |  3.8
Translocations | |  3.8
Transmutations | |  3.8
Fire Magic     | |  3.8
Ice Magic      | |  3.8
Air Magic      | |  3.8
Earth Magic    | |  3.8
Poison Magic   | |  3.8

Action                   |  1- 3 |  4- 6 || total
-------------------------+-------+-------++-------
Melee: Unarmed           |    97 |    16 ||   113
       Headbutt          |    14 |     3 ||    17
       Bite              |     8 |     3 ||    11
Throw: Stone             |     2 |       ||     2
 Cast: Static Discharge  |    24 |     2 ||    26
       Shock             |     4 |     6 ||    10
       Sticks to Snakes  |     3 |     1 ||     4
       Searing Ray       |       |     1 ||     1
  Eat: Chunk             |     3 |     3 ||     6
Armor: Animal skin       |    29 |     2 ||    31
Dodge: Dodged            |    57 |    15 ||    72
